 Dungeon Crawl Stone Soup version 0.24.0-29-g8ce449bc06 (webtiles) character file.

Game seed: 7366349021294509644, levelgen mode: deterministic

13744 Grohoret the Covert (level 11, -2/54 HPs)
             Began as a Vampire Enchanter on Nov 9, 2019.
             Was a Priest of Kikubaaqudgha.
             Killed from afar by an ice statue (8 damage)
             ... with a bolt of cold
             ... in an ice cave on Nov 15, 2019.
             The game lasted 01:09:48 (19031 turns).

Grohoret the Covert (Vampire Enchanter)            Turns: 19031, Time: 01:09:50

Health: -2/54      AC:  2    Str:  7    XL:     11   Next: 79%
Magic:  22/24      EV: 21    Int: 21    God:    Kikubaaqudgha [***...]
Gold:   63         SH:  0    Dex: 19    Spells: 20/28 levels left

rFire    . . .     SeeInvis +   n - +2 short sword (speed)
rCold    + + .     Gourm    .   (no shield)
rNeg     + + +     Faith    .   b - +0 robe
rPois    ∞         Spirit   .   (no helmet)
rElec    .         Reflect  .   (no cloak)
rCorr    .         Harm     .   (no gloves)
MR       +....                  (no boots)
Stlth    +++++++...             (no amulet)
HPRegen  0.00/turn              m - +4 ring of dexterity
MPRegen  0.19/turn              p - +4 ring of slaying

@: bloodless, regenerating quickly, hasted, very quick
A: no food, fangs 3, see invisible, unbreathing
a: Bat Form, Revivify, Receive Corpses, Renounce Religion


You were in an ice cave.
You worshipped Kikubaaqudgha.
Kikubaaqudgha was most pleased with you.
You were bloodless.

You visited 2 branches of the dungeon, and saw 12 of its levels.
You also visited: Ice Cave.

You collected 745 gold pieces.
You spent 682 gold pieces at shops.

Inventory:

Hand Weapons
 n - a +2 short sword of speed (weapon)
Armour
 b - a +0 robe (worn)
Jewellery
 m - a +4 ring of dexterity (left hand)
 p - a +4 ring of slaying (right hand)
 r - a +4 ring of dexterity
 s - an uncursed ring of protection from fire
Wands
 j - a wand of paralysis (11)
 x - a wand of iceblast (10)
 y - a wand of acid (8)
Scrolls
 a - 4 scrolls of teleportation
 c - 9 scrolls of remove curse
 d - 4 scrolls of magic mapping
 h - 3 scrolls of enchant armour
 l - a scroll of fear
 u - a scroll of immolation
 w - a scroll of vulnerability
 C - a scroll of random uselessness
Potions
 e - 3 potions of heal wounds
 f - a potion of ambrosia
 g - 2 potions of flight
 i - a potion of might {unknown}
 q - 3 potions of haste
 t - a potion of brilliance {unknown}
 z - a potion of resistance {unknown}
 A - 2 potions of curing {unknown}
 B - a potion of degeneration {unknown}


   Skills:
 + Level 7.6 Short Blades
 + Level 10.3 Dodging
 + Level 11.6 Stealth
 * Level 9.4 Spellcasting
 + Level 10.7 Hexes
 + Level 5.7 Necromancy
 + Level 3.6 Transmutations


You had 20 spell levels left.
You knew the following spells:

 Your Spells              Type           Power        Failure   Level  Hunger
a - Corona                Hex            ######.      1%          1    N/A
b - Ensorcelled Hibernat  Hex/Ice        ####..       1%          2    N/A
c - Confuse               Hex            ######..     1%          3    N/A
d - Sticks to Snakes      Tmut           ####....     2%          2    N/A

Your spell library contained the following spells:

 Spells                   Type           Power        Failure   Level  Hunger
 Beastly Appendage        Tmut           ####..       1%          1    N/A
 Pain                     Necr           ####         1%          1    N/A
 Corpse Rot               Necr           N/A          1%          2    N/A
 Sublimation of Blood     Necr           ####......   1%          2    N/A
 Tukima's Dance           Hex            ######..     1%          3    N/A
 Vampiric Draining        Necr           ####......   1%          3    N/A
 Dazzling Spray           Conj/Hex       ####..       2%          3    N/A
 Spider Form              Tmut/Pois      ###.......   10%         3    N/A
 Poisonous Vapours        Pois/Air       #.....       11%         2    N/A
 Agony                    Necr           ####....     19%         5    N/A
 Dispel Undead            Necr           ####....     19%         5    N/A
 Conjure Flame            Conj/Fire      #.......     21%         3    N/A
 Mephitic Cloud           Conj/Pois/Air  #.......     21%         3    N/A
 Ice Form                 Ice/Tmut       ###.....     32%         4    N/A
 Blade Hands              Tmut           ####......   38%         5    N/A
 Bolt of Draining         Conj/Necr      ###.......   52%         5    N/A
 Excruciating Wounds      Chrm/Necr      ###.......   52%         5    N/A
 Simulacrum               Ice/Necr       ###.......   97%         6    N/A
 Freezing Cloud           Conj/Ice/Air   #.........   100%        6    N/A
 Ring of Flames           Chrm/Fire      #.........   100%        7    N/A

Dungeon Overview and Level Annotations

Branches:
Dungeon (11/15)            Temple (1/1) D:5            Lair (0/6) D:8
  IceCv (1/1)
    Orc: D:9-12

Altars:
Ashenzari
Cheibriados
Dithmenos
Elyvilon
Fedhas
Gozag
Hepliaklqana
Kikubaaqudgha
Makhleb
Nemelex Xobeh
Okawaru
Qazlal
Ru
Sif Muna
Trog
Uskayaw
Vehumet
Wu Jian
Xom
Yredelemnul
Zin
The Shining One

Shops:
D:9 *

Annotations:
IceCv exclusion: ice statue


Innate Abilities, Weirdness & Mutations

You do not eat.
You do not regenerate when monsters are visible.
You are frail without blood (-20% HP).
You can heal yourself when you bite living creatures.
You are immune to poison.
You have razor-sharp teeth.
You have supernaturally acute eyesight. (SInv)
You can survive without breathing.


Message History

You are engulfed in freezing vapours.
You resist.
The ice statue gestures.
You hit the ice statue but do no damage.
The ice statue is heavily damaged.
You are engulfed in freezing vapours.
You resist. The ice beast hits you. The ice beast freezes you. You resist.
* * * LOW HITPOINT WARNING * * *
You hit the ice statue but do no damage.
The ice statue is heavily damaged.
You are engulfed in freezing vapours.
You resist.
* * * LOW HITPOINT WARNING * * *
You are engulfed in freezing vapours.
You resist.
* * * LOW HITPOINT WARNING * * *
You are engulfed in freezing vapours.
You resist.
* * * LOW HITPOINT WARNING * * *
The ice statue gestures at you.
The bolt of cold hits the ice beast.
The ice beast completely resists.
The bolt of cold hits you! You resist.
You die...
Kikubaaqudgha rasps: "You have failed me!
Welcome... oblivion!"

# ###. ##.. ####
####... ###..#
#..○.○## ###..#..
#..8Y°## #..#####
#○☼Y.##########..#
#
###○@.##...##...#.#
###..†##...######
##########


You could see an ice statue and 2 ice beasts.

Vanquished Creatures
  A death yak (IceCv)
  An unseen horror (D:11)
  Pikel (D:9)
  An ugly thing (D:11)
  Joseph (D:7)
  2 trolls
  9 polar bears (IceCv)
  A hippogriff (D:8)
  Grinder (D:5)
  19 yaks
  A water moccasin (D:10)
  A black bear (D:7)
  An orc warrior (D:10)
  5 sky beasts
  3 ice beasts
  2 phantoms
  2 ogres
  2 centaurs
  17 wolves (IceCv)
  2 necrophages
  2 big kobolds
  A gnoll sergeant (D:9)
  7 bullfrogs
  3 scorpions
  8 wights
  2 howler monkeys (D:8)
  7 crimson imps
  A quasit (D:5)
  6 hounds
  5 jellies
  2 centaur skeletons (D:4)
  3 orc priests
  A bullfrog skeleton (D:6)
  A gnoll shaman (D:3)
  4 iguanas
  Ijyb (D:3)
  8 orc wizards
  9 worker ants
  2 hound skeletons
  2 howler monkey zombies
  2 worker ant zombies
  9 gnolls
  A howler monkey skeleton (D:5)
  7 adders
  8 river rats (D:5)
  4 shadow imps
  3 oozes
  3 adder skeletons
  7 worms
  2 dart slugs (D:3)
  8 leopard geckos
  33 orcs
  A giant cockroach (D:2)
  8 hobgoblins
  22 jackals
  19 kobolds
  12 quokkas
  4 ball pythons
  7 bats
  8 frilled lizards
  6 goblins
  A leopard gecko skeleton (D:5)
  14 rats
337 creatures vanquished.

Vanquished Creatures (others)
  A big kobold (D:9)
  A kobold (D:9)
2 creatures vanquished.

Grand Total: 339 creatures vanquished

Notes
Turn   | Place    | Note
-------+----------+-------------------------------------------
     0 | D:1      | Grohoret the Vampire Enchanter began the quest for the Orb.
     0 | D:1      | Reached XP level 1. HP: 13/13 MP: 3/3
   370 | D:1      | Reached XP level 2. HP: 19/19 MP: 5/5
   374 | D:1      | Learned a level 2 spell: Ensorcelled Hibernation
  1117 | D:2      | Found a hazy altar of Hepliaklqana.
  1422 | D:2      | Found a stormy altar of Qazlal.
  1424 | D:2      | Reached XP level 3. HP: 24/24 MP: 1/6
  1429 | D:2      | Learned a level 3 spell: Confuse
  3901 | D:2      | Reached XP level 4. HP: 24/24 MP: 8/8
  4815 | D:3      | Reached skill level 5 in Hexes
  4835 | D:3      | Found a sacrificial altar of Ru.
  4845 | D:3      | Reached skill level 5 in Stealth
  5127 | D:3      | Found an iron altar of Okawaru.
  5148 | D:3      | Reached XP level 5. HP: 28/28 MP: 5/9
  5330 | D:3      | Noticed Ijyb
  5345 | D:3      | Killed Ijyb
  6411 | D:4      | Reached XP level 6. HP: 32/32 MP: 11/11
  6908 | D:4      | Noticed a hornet
  6926 | D:4      | Reached skill level 6 in Stealth
  7262 | D:5      | Entered Level 5 of the Dungeon
  7265 | D:5      | Noticed Grinder
  7271 | D:5      | Reached XP level 7. HP: 32/36 MP: 3/13
  7286 | D:5      | Killed Grinder
  7286 | D:5      | Reached skill level 5 in Dodging
  7464 | D:5      | Found a staircase to the Ecumenical Temple.
  7487 | D:5      | Got a jewelled leather armour
  7494 | Temple   | Entered the Ecumenical Temple
  7711 | Temple   | Identified the +3 leather armour of Fuicevev {rCorr MP-9
                  | Str+10} (You found it on level 5 of the Dungeon)
  8401 | D:5      | Reached skill level 7 in Stealth
  8404 | D:5      | Reached skill level 5 in Spellcasting
  8404 | D:5      | Reached XP level 8. HP: 41/41 MP: 15/15
 10445 | D:5      | Reached skill level 8 in Stealth
 10913 | D:6      | Reached XP level 9. HP: 45/45 MP: 8/18
 11362 | Temple   | Became a worshipper of Kikubaaqudgha
 11945 | D:6      | Reached skill level 5 in Short Blades
 12163 | D:7      | Reached skill level 1 in Necromancy
 12246 | D:7      | Noticed Joseph
 12262 | D:7      | Killed Joseph
 12300 | D:7      | Found a sparkling altar of Nemelex Xobeh.
 12340 | D:7      | Reached skill level 9 in Stealth
 12690 | D:7      | Found a white marble altar of Elyvilon.
 12745 | D:7      | Reached * piety under Kikubaaqudgha
 12745 | D:7      | Identified Kikubaaqudgha's Papyrus of Unholy Secrets
                  | (Kikubaaqudgha gifted it to you on level 7 of the Dungeon)
 12745 | D:7      | Received a gift from Kikubaaqudgha
 13010 | D:8      | Noticed a death yak
 13011 | D:8      | Noticed a death yak
 13170 | D:8      | Found a glowing silver altar of Zin.
 13684 | D:8      | Noticed a death yak
 13789 | D:8      | Reached XP level 10. HP: 40/50 MP: 2/20
 14077 | D:8      | Noticed a death yak
 14341 | D:8      | Noticed a death yak
 14343 | D:8      | Noticed a death yak
 14457 | D:8      | HP: 1/50 [death yak (17)]
 15360 | D:8      | Found a staircase to the Lair.
 15623 | D:9      | Noticed Pikel
 15628 | D:9      | Killed Pikel
 15651 | D:9      | Upgraded the game from 0.24.0-13-gcf9b3192b9 to
                  | 0.24.0-28-g17ded55e90
 15813 | D:9      | Reached ** piety under Kikubaaqudgha
 15903 | D:9      | Reached skill level 10 in Stealth
 16216 | D:9      | Found Jewatip's Assorted Antiques.
 16220 | D:9      | Bought a hardcover book for 330 gold pieces
 16220 | D:9      | Bought a papyrus book for 330 gold pieces
 16220 | D:9      | Bought a scroll labeled LESEVI MUUNTEU for 22 gold pieces
 16223 | D:9      | Learned a level 2 spell: Sticks to Snakes
 16339 | D:9      | Found a shadowy altar of Dithmenos.
 16493 | D:10     | Entered Level 10 of the Dungeon
 16684 | D:10     | Reached skill level 1 in Transmutations
 17452 | D:11     | Noticed a white ugly thing
 17452 | D:11     | Noticed an unseen horror
 17455 | D:11     | Killed an unseen horror
 17455 | D:11     | Reached XP level 11. HP: 54/54 MP: 23/23
 17456 | D:11     | Killed a white ugly thing
 17472 | D:11     | Noticed a white ugly thing
 17478 | D:11     | Found a frozen archway.
 17483 | D:11     | Noticed a two-headed ogre
 17487 | IceCv    | Entered an ice cave
 17749 | IceCv    | Reached skill level 10 in Hexes
 17786 | IceCv    | Noticed a death yak
 17806 | IceCv    | Reached *** piety under Kikubaaqudgha
 17806 | IceCv    | Identified Kikubaaqudgha's Handbook of Darkness
                  | (Kikubaaqudgha gifted it to you in an ice cave)
 17806 | IceCv    | Received a gift from Kikubaaqudgha
 17813 | IceCv    | Reached skill level 5 in Necromancy
 17833 | IceCv    | Killed a death yak
 17833 | IceCv    | Reached skill level 11 in Stealth
 17848 | IceCv    | Reached skill level 10 in Dodging
 18366 | IceCv    | Upgraded the game from 0.24.0-28-g17ded55e90 to
                  | 0.24.0-29-g8ce449bc06
 19031 | IceCv    | Killed from afar by an ice statue

Levels and vault maps discovered:
D:1:      psy_arrival_spokes, layout_basic, chequers_avenue
D:2:      layout_basic, overflow_temple_1_default,
          nicolae_qazlal_general_emergency, minmay_misc_feat_alley
D:3:      layout_basic, old_standard_altar, okawaru_metal_pillars_1_2, uniq_ijyb
D:4:      layout_rooms, first_ration
D:5:      lemuel_ratsnest, layout_basic, minmay_temple_entry_purple_smoke,
          minmay_lizard_king, uniq_grinder
D:6:      layout_cave_pools
D:7:      layout_basic, elyvilon_altar_3, nemelex_spade_bored_becter,
          uniq_joseph
D:8:      layout_rooms, kennysheep_mini, dpeg_lair_monsters
D:9:      layout_loops_ring, grunt_dithmenos_shadows, serial_shops,
          nicolae_shop_statue_plus, uniq_pikel
D:10:     layout_long_grid
D:11:     layout_basic, portal_ice_cave_entry_pillars_1, uniq_urug
Temple:   eino_temple_rhombus
IceCv:    ice_cave_caverns_01

Skill      XL: |  1  2  3  4  5  6  7  8  9 10 11 |
---------------+----------------------------------+-----
Dodging        | 3 4 5 7 8 9 10 | 10.3
Hexes          | 5 6 7 8 9 10 | 10.7
Stealth        | 5 6 7 8 9 10 11 | 11.6
Spellcasting   | 3 4 5 6 7 8 9 |  9.4
Short Blades   | 2 3 4 5 6 7 |  7.6
Necromancy     | 2 4 5 |  5.7
Transmutations | 1 3 |  3.6

Action                   |  1- 3 |  4- 6 |  7- 9 | 10-12 || total
-------------------------+-------+-------+-------+-------++-------
Melee: Dagger            |   106 |    51 |       |       ||   157
       Bite              |     3 |    14 |    29 |    34 ||    80
       Short sword       |       |   100 |   311 |   256 ||   667
 Cast: Ensorcelled Hiber |    23 |    46 |    94 |   105 ||   268
       Confuse           |     1 |    22 |    49 |    50 ||   122
       Corona            |       |     2 |     2 |       ||     4
 Abil: Exsanguinate      |     1 |       |       |       ||     1
  Use: Scroll            |       |     5 |     5 |     9 ||    19
       Potion            |       |       |       |     1 ||     1
 Stab: Sleeping          |    24 |    44 |    78 |    71 ||   217
       Confused          |     1 |    10 |    21 |    29 ||    61
       Distracted        |       |     2 |       |       ||     2
Armor: Robe              |    10 |    12 |    17 |     9 ||    48
Dodge: Dodged            |    68 |   103 |   252 |   180 ||   603
